 Dungeon Crawl Stone Soup version 0.17.0-57-g0e89251 (webtiles) character file.

52 Rationalist the Shield-Bearer (level 4, 0/37 HPs)
             Began as a Formicid Fighter on Dec 8, 2015.
             Killed by divine providence
             ... invoked by an orc priest
              (10 damage)
             ... on level 3 of the Dungeon.
             The game lasted 00:03:01 (1249 turns).

Rationalist the Shield-Bearer (Formicid Fighter)    Turns: 1249, Time: 00:03:01

Health: 0/37       AC: 11    Str: 21    XL:     4   Next: 8%
Magic:  4/4        EV:  8    Int:  7    God:
Gold:   80         SH:  9    Dex: 11    Spells: 0 memorised, 3 levels left

rFire  . . .     SeeInvis +     a - +0 war axe
rCold  . . .     Clarity  .     b - +0 scale mail
rNeg   . . .     SustAt   .     c - +0 shield
rPois  +         Gourm    .     (helmet unavailable)
rElec  .         Spirit   .     (no cloak)
rCorr  .         Warding  .     (no gloves)
rMut   .         Stasis   +     (no boots)
MR     .....                    (no amulet)
Stlth  ..........               (no ring)
                                (no ring)

@: not resistant to hostile enchantments, extremely unstealthy
A: permanent stasis, dig shafts and tunnels, four strong arms, antennae 3,
iridescent scales 1, poison resistance, MP-powered wands
a: Dig, Shaft Self


You were on level 3 of the Dungeon.
You were very hungry.

You visited 1 branch of the dungeon, and saw 3 of its levels.

You collected 80 gold pieces.

Inventory:

Hand Weapons
 a - a +0 war axe (weapon)
Armour
 b - a +0 scale mail (worn)
 c - a +0 shield (worn)
Scrolls
 f - a scroll of recharging {unknown}
 h - a scroll of immolation {unknown}
 j - a scroll of amnesia {unknown}
 k - a scroll of noise {unknown}
 l - a scroll of random uselessness {unknown}
 o - a scroll of remove curse {unknown}
Potions
 d - a potion of might
 i - 2 potions of flight
Comestibles
 e - 3 bread rations
 g - a meat ration
 n - a beef jerky


   Skills:
 + Level 3.8 Fighting
 + Level 2.2 Axes
 + Level 3.7 Armour
 + Level 1.0 Dodging
 + Level 4.2 Shields


You had 3 spell levels left.
You didn't know any spells.

Dungeon Overview and Level Annotations

Branches:
Dungeon (3/15)

Altars:
Cheibriados


Innate Abilities, Weirdness & Mutations

You are under a permanent stasis effect.
You can dig through walls and to a lower floor.
Your four strong arms can wield two-handed weapons with a shield.
You have a pair of large antennae on your head (SInv).
You are partially covered in iridescent scales (AC +4).
Your system is resistant to poisons.
You expend magic power (3 MP) to strengthen your wands.


Message History

You hit the orc.
The orc is severely wounded.
You hit the orc.
You kill the orc!
The orc priest calls down the wrath of Beogh upon you.
Something smites you!
* * * LOW HITPOINT WARNING * * *
The orc hits you with a club.
* * * LOW HITPOINT WARNING * * *
You block the orc priest's attack.
Drink which item? (? for menu, Esc to quit)
You feel better.
The orc priest calls upon Beogh to heal the orc.
The orc's wounds heal themselves!
The orc completely misses you.
You barely miss the orc priest.
The orc priest is severely wounded.
You barely miss the orc.
The orc priest invokes the aid of Beogh against you.
Something smites you!
You die...

{ { ####+#
#...<#
#...(#
#..o@#
#.$(o†#
.........#
..........
.....###...
#.... ...#
#.... ..##
#... ..#


You could see an orc priest and an orc.

Vanquished Creatures
  An adder (D:2)
  3 worms (D:2)
  A giant gecko (D:1)
  2 orcs (D:3)
  4 bats
  5 goblins
  5 hobgoblins
  6 kobolds
  A ball python (D:2)
  5 rats
33 creatures vanquished.

Notes
Turn   | Place    | Note
--------------------------------------------------------------
     0 | D:1      | Rationalist the Formicid Fighter began the quest for the Orb.
     0 | D:1      | Reached XP level 1. HP: 18/18 MP: 1/1
   152 | D:1      | Reached XP level 2. HP: 24/24 MP: 2/2
   573 | D:2      | Reached XP level 3. HP: 30/30 MP: 3/3
   689 | D:2      | Reached skill level 4 in Shields
  1038 | D:2      | Found a snail-covered altar of Cheibriados.
  1048 | D:2      | Gained mutation: You are partially covered in iridescent scales (AC +4). [potion of mutation]
  1048 | D:2      | Gained mutation: You expend magic power (3 MP) to strengthen your wands. [potion of mutation]
  1048 | D:2      | Gained mutation: Your system is resistant to poisons. [potion of mutation]
  1221 | D:2      | Reached XP level 4. HP: 37/37 MP: 4/4
  1245 | D:3      | Reached skill level 1 in Dodging
  1249 | D:3      | Killed from afar by an orc priest

Action                   |  1- 3 |  4- 6 || total
-------------------------+-------+-------++-------
Melee: War axe           |    84 |     6 ||    90
  Use: Scroll            |     4 |       ||     4
       Potion            |     1 |     1 ||     2
